cohdb
Replays
Latest Replays
All Replays
Popular Replays
Top Player Replays
Match Explorer
How It Works
Community
CoH3 Stats
Reddit
Sign in to upload your games and track your stats! →
Sign in with Steam
Match 43506272
Unlisted
Match 43506272
Overview
Messages
Build Orders
End
Panzergrenadier Squad
250 Light Carrier
Panzergrenadier Squad
Construct Light Support Kompanie
MG34 Team
Panzerjäger Squad
Fire Support Elements
Combat Half-tracks
Assault Mechanized Group
Construct Panzerarmee Kommand
2.5-tonne Medical Truck
Selects Armored Support Battlegroup
Selects Veteran Gunners
Selects Flammpanzer III Medium Tank
Flammpanzer III Medium Tank
Selects Salvage Kits
Panzer III L Medium Tank
Selects Panzer Storm
Panzer Storm
Emergency Repair Kits
Vehicle Survival Package
Tungsten Core Ammunition
Panzer III L Medium Tank
Selects Command Panzer IV F Medium Tank
Command Panzer IV F Medium Tank
Panzer III L Medium Tank
Panzer Storm
MageGreen & Frechersack Prime
John
Aristod
Siso
Jason Bourne
killall
saeed779911
Arcane Fan
0
0
Comments
sign in to comment!
No comments posted yet!